 Dungeon Crawl Stone Soup version 0.30.0-10-gfe55d96785 (webtiles) character file.

Game seed: 7310918127530518305

139 hito the Conjurer (level 5, 0/46 HPs)
             Began as a Naga Reaver on May 16, 2023.
             Slain by an orc
             ... wielding a +0 trident
              (4 damage)
             ... on level 3 of the Dungeon.
             The game lasted 00:05:26 (2892 turns).

hito the Conjurer (Naga Reaver)                     Turns: 2892, Time: 00:05:27

Health: 0/46       AC:  3    Str: 16    XL:     5   Next: 22%
Magic:  7/9        EV:  9    Int: 14    God:
Gold:   219        SH:  5    Dex:  9    Spells: 7/10 levels left

rFire   . . .        a - +0 mace
rCold   . . .        (no shield)
rNeg    . . .        b - +0 leather armour
rPois   +            (no helmet)
rElec   .            (no cloak)
rCorr   .            (no gloves)
SInv    +            (no barding)
Will    .....        i - amulet of reflection
Stlth   +            (no ring)
HPRegen 0.27/turn    (no ring)
MPRegen 0.11/turn

%: reflection
@: short of breath, on berserk cooldown, slowed, very slow
A: AC +1, large, see invisible, deformed body, poison resistance, slowness 2,
spit poison 1, naga tail 1
a: Spit Poison


You were on level 3 of the Dungeon.
You visited 1 branch of the dungeon, and saw 3 of its levels.

You collected 219 gold pieces.

Inventory:

Hand Weapons
 a - a +0 mace (weapon)
Missiles
 c - 3 boomerangs
 o - 5 javelins
Armour
 b - a +0 leather armour (worn)
Jewellery
 i - an amulet of reflection (around neck)
Scrolls
 d - 3 scrolls of teleportation {unknown}
 h - 2 scrolls of noise {unknown}
 k - a scroll of poison {unknown}
 l - a scroll of amnesia {unknown}
 p - a scroll of enchant weapon {unknown}
Potions
 f - 2 potions of attraction
 g - a potion of brilliance {unknown}
 j - 3 potions of magic
 m - a potion of curing
 n - a potion of heal wounds {unknown}


   Skills:
 + Level 2.6 Fighting
 + Level 3.7 Maces & Flails
 - Level 1.5 Dodging
 - Level 3.0 Spellcasting
 - Level 4.0 Conjurations
 - Level 1.0 Translocations


You had 7 spell levels left.
You knew the following spells:

 Your Spells              Type           Power      Damage    Failure   Level
a - Kiss of Death         Conj/Necr      28%        2d7       12%         1
b - Momentum Strike       Conj/Tloc      18%        3d8       14%         2

Your spell library contained the following spells:

 Spells                   Type           Power      Damage    Failure   Level
 Hailstorm                Conj/Ice       7%         3d4       34%         3
 Vhi's Electric Charge    Tloc/Air       6%         N/A       54%         3
 Arcjolt                  Conj/Air       3%         1d13      97%         5
 Plasma Beam              Fire/Air       1%         2x1d12    100%        6


Dungeon Overview and Level Annotations

Branches:
Dungeon (3/15)

Altars:
Vehumet

Shops:
D:2 ((


Innate Abilities, Weirdness & Mutations

Your serpentine skin is tough. (AC +1)
You have supernaturally acute eyesight. (SInv)
Armour fits poorly on your strangely shaped body.
Your system is resistant to poisons. (rPois)
You cover ground very slowly.
You can spit poison.
You have a snake-like lower body.


Message History

The orc wizard barely misses you.
A red film seems to cover your vision as you go berserk!
You feel yourself moving faster!
You feel mighty! The orc wizard barely misses you. The orc barely misses you.
You closely miss the orc wizard.
The orc wizard is severely wounded.
You hit the orc wizard.
The orc wizard is almost dead.
The orc wizard hits you but does no damage.
The orc hits you but does no damage.
You sock the orc wizard!
You kill the orc wizard!
You are no longer robbed of momentum.
You block the orc's attack.
You have reached level 5!
You sock the orc!
You kill the orc!
You start resting.
You feel a strong urge to attack something.
You start resting.
You feel your anger nearly subside.
You are no longer berserk.
You are exhausted.
You feel yourself slow down.
You start resting.
An orc is nearby!
An orc is nearby!
Aiming: Spit Poison (1% risk of failure)
Press: ? - help, Shift-Dir - straight line, f - orc
Aim: an orc, wielding a +0 trident (wandering, hasn't noticed you, 59% to hit)
Okay, then.
The orc shouts!
The orc hits you from afar with a +0 trident.
* * * LOW HITPOINT WARNING * * *
Aiming: Spit Poison (1% risk of failure)
Press: ? - help, Shift-Dir - straight line, f - orc
Aim: an orc, wielding a +0 trident (59% to hit)
The splash of poison hits the orc.
The orc is poisoned.
The orc is severely wounded.
The orc hits you from afar with a +0 trident.
You die...

#.......##...#####.#
.............'.....#
.....<..##...#######
........######
.......##
.......##############
.........oo...o.....#
........#######))...#
.......## ##@...#
.......# #....#
.......# #....#
..o..$.# #....#
..o....# #....#
.......# ######
.$.....# ........


You could see an orc (poisoned).

Vanquished Creatures
  An orc priest (D:3)
  An orc wizard (D:3)
  4 adders
  2 dart slugs
  2 orcs (D:3)
  An endoplasm (D:2)
  4 giant cockroaches
  2 goblins (D:2)
  6 hobgoblins
  3 quokkas
  2 ball pythons (D:1)
  5 bats
  5 frilled lizards
  5 kobolds
  4 rats
47 creatures vanquished.

Notes
Turn   | Place    | Note
-------+----------+-------------------------------------------
     0 | D:1      | hito the Naga Reaver began the quest for the Orb.
     0 | D:1      | Reached XP level 1. HP: 19/19 MP: 3/3
   553 | D:1      | Reached XP level 2. HP: 12/26 MP: 5/5
   613 | D:1      | Learned a level 2 spell: Momentum Strike
  1508 | D:2      | Reached XP level 3. HP: 27/32 MP: 6/6
  1555 | D:2      | Found Kipp's Antique Weapon Shop.
  1689 | D:2      | Reached skill level 1 in Translocations
  1832 | D:2      | Found a radiant altar of Vehumet.
  1945 | D:2      | Reached XP level 4. HP: 29/39 MP: 1/8
  2026 | D:2      | Found Gaagutyu's Antique Weapon Emporium.
  2704 | D:3      | Found a faded altar of an unknown god.
  2878 | D:3      | Reached skill level 4 in Conjurations
  2884 | D:3      | Reached XP level 5. HP: 10/46 MP: 6/9
  2892 | D:3      | Slain by an orc

Illustrated notes

Levels and vault maps discovered:
D:1:      dpeg_arrival_water_fire, layout_basic
D:2:      layout_basic, serial_shops, shop_coins, shop, basic_altar
D:3:      layout_basic, marbit_many_paths, basic_ecumenical_altar,
          kennysheep_flooded_box

Skill      XL: |  1  2  3  4 |
---------------+-------------+-----
Translocations | 1 |  1.0
Spellcasting   | 3 |  3.0
Conjurations   | 4 |  4.0
Fighting       | |  2.6
Maces & Flails | |  3.7
Dodging        | |  1.5

Action                     |  1- 3 |  4- 6 || total
---------------------------+-------+-------++-------
  Melee: Mace              |    88 |    44 ||   132
   Cast: Momentum Strike   |     3 |     1 ||     4
Ability: Spit Poison       |     9 |     8 ||    17
    Use: Scroll            |     5 |       ||     5
         Potion            |       |     1 ||     1
 Armour: Leather armour    |    27 |    10 ||    37
  Dodge: Dodged            |    51 |    22 ||    73
  Block: Other             |    11 |    14 ||    25
